[Event "7° Rencontres Internationales des Echecs Francophones"]
[Site "PARIS, France"]
[Date "2019.08.10"]
[Round "11.10"]
[White "Rakotomaharo, Fy Antenaina"]
[Black "Dardha, Arben"]
[Result "1-0"]
[TimeControl "90'+30' + 30seconds/move"]
[WhiteElo "2364"]
[BlackElo "2222"]

1. e4 c5 2. Nf3 Nc6 3. d4 cxd4 4. Nxd4 Nf6 5. Nc3 e5 6. Ndb5 d6 7. Bg5 a6 8. Na3 b5 9. Nd5 Be7 10. Bxf6 Bxf6 11. c3 Bg5 12. Nc2 O-O 13. h4 Bh6 14. g4 Bf4 15.
Qf3 Be6 16. Bd3 Bxd5 17. exd5 Ne7 18.
g5 f5 19. gxf6 Rxf6 20. Ne3 Bxe3 21. Qxe3 Rf4 22. O-O-O Rc8 23. Kb1 Rc5 24. Be4 Qf8 25. f3 Nf5 26. Qd3 Ng3 27. Bxh7+ Kh8 28. Rhg1 Rxf3 29. Qg6 Qf5+ 30. Qxf5 Nxf5 31. Bg6 Nxh4 32.
Be8 Nf5 33. Bd7 Nh6 34. Be6 Rc4 35. Kc2 Rcf4 36. Kb3 a5 37. a3 a4+ 38. Ka2 Rf2 39. Bd7 Rh2 40. Rdf1 Rxf1 41. Rxf1 Rd2 42. Bxb5 Rxd5 43. Bxa4 e4 44. Bc6 Re5 45. b4 e3 46. b5 Nf5 47. b6 Ne7 48. Bf3 Rb5 49. b7 e2 50. Bxe2 Rxb7 51. a4 g5 52. Rg1 Nd5 53. Rg3 Nf4 54. Bb5 Ne6 55. Bc4 Nc5 56. Ka3 Ra7 57. Bb5 Ne4 58.
Re3 d5 59. Bc6 Nf6 60. Kb4 g4 61. a5 Rg7 62. Rg3 Ne4 63. Rg1 Nf6 64. a6 g3 65. Kc5 Ne4+ 66. Kb6 Nxc3 67. a7 Rg8 68. a8=Q Rxa8 69. Bxa8 Ne2 70. Rg2 Nf4 71. Rxg3 d4
72. Rf3 Nd5+ 73. Bxd5 1-0

[Event "7° Rencontres Internationales des Echecs Francophones"]
[Site "PARIS, France"]
[Date "2019.08.10"]
[Round "11.6"]
[White "Hamdouchi, Hicham"]
[Black "Shirazi, Kamran"]
[Result "0-1"]
[TimeControl "90'+30' + 30seconds/move"]
[WhiteElo "2514"]
[BlackElo "2303"]

1. e4 c5 2. Nc3 Nf6 3. Nf3 d5 4.
exd5 Nxd5 5. Bc4 Nb6 6. Bb5+ Bd7 7. a4 a6 8. Be2 Nc6 9. d4 cxd4 10. Nxd4 e5 11. Nf3 Be6 12. O-O Be7 13. Ne4 h6 14. Be3 Nd5 15. Bc5 f5 16. Bxe7 Qxe7 17.
Ng3 Rd8 18. Qe1 e4 19. Nd2 O-O 20. Bc4 Nd4 21. Rc1 Nf4 22. Qe3 Qg5 23. Rfe1 b5 24. axb5 axb5 25. Bf1 Kh8 26. Kh1 b4 27. f3 exf3 28. Nxf3 Nxf3 29.
Qxf3 Bd5 30. Qe3 Rfe8 31. Qxe8+ Rxe8 32. Rxe8+ Kh7 33. Rce1 h5 34. R8e5 g6 35. Rd1 h4 36. Rexd5 Nxd5 37. Rxd5 hxg3 38. hxg3 Qc1 39. Kg1 Qxc2 40. Rb5 Qxb2 41. Kh2 Kh6 42. Bc4 Qd4 43. Bf1 Qd6 44. Kg1 Qxg3 45. Rxb4 Qe3+ 46.
Kh1 Qc1 47. Rh4+ Kg5 0-1

[Event "7° Rencontres Internationales des Echecs Francophones"]
[Site "PARIS, France"]
[Date "2019.08.10"]
[Round "11.4"]
[White "David, Alberto"]
[Black "Ternault, Mathieu"]
[Result "1-0"]
[TimeControl "90'+30' + 30seconds/move"]
[WhiteElo "2554"]
[BlackElo "2158"]

1. e4 Nc6 2. Bb5 d5 3. Qe2 a6 4.
Bxc6+ bxc6 5. Nf3 e6 6. d3 h6 7. b3 Nf6 8. Bb2 Be7 9. O-O O-O 10. Nbd2 a5 11. a4 Ba6 12. Rfd1 Rb8 13.
Ne5 Bb7 14. Ndf3 c5 15. Qe1 Ra8 16. Bc3 c6 17. Nd2 Qc7 18. f4 Bd6 19. Qh4 d4 20. Bb2 Bxe5 21. fxe5 Nd7 22. Ba3 Qxe5 23.
Qe7 Rad8 24. Nc4 Qh5 25. Rf1 Rfe8 26. Qd6 f6 27. Nxa5 Ba8 28. Nc4 e5 29. Rf5 Qg4 30. h3 Qg3 31. Rf3 Qg5 32. Qc7 Nf8 33. Nd6 Rd7 34. Nxe8 Rxc7 35. Nxc7 Bb7 36. a5 Qd2 37. Bxc5 Qxc2 38. b4 Nd7 39. a6 Nxc5 40. bxc5 Qc3 41. Rb1 Bxa6 42. Nxa6 Qa3 43. Nb4 Qa4 44. Rf2 Qb5 45. Rc2 Kh7 46.
Rc4 Qb7 47. Ra1 h5 48. Ra6 h4 49.
Rxc6 Qf7 50. Ra6 Qg6 51. Ra1 f5 52. c6 f4 53. Rf1 Qg3 54. c7 Qe3+ 55. Kh1 Qe2 56. Rf3 1-0

[Event "7° Rencontres Internationales des Echecs Francophones"]
[Site "PARIS, France"]
[Date "2019.08.10"]
[Round "11.1"]
[White "Dardha, Daniel"]
[Black "Gurevich, Mikhail"]
[Result "1/2-1/2"]
[TimeControl "90'+30' + 30seconds/move"]
[WhiteElo "2390"]
[BlackElo "2559"]

1. d4 d6 2. e4 Nf6 3. Nc3 g6 4. g3 Bg7 5. Bg2 O-O 6. Nge2 e5 7. O-O c6 8.
a4 a5 9.
h3 Na6 10. Be3 Re8 11. g4 Nb4 12. Ng3 Be6 13. f4 Bc4 14. Rf2 exd4 15. Bxd4 c5 16. Bxf6 Bxf6 17. Rd2 Bd4+ 18. Kh2 d5 19. Qf3 Qh4 1/2-1/2

[Event "7° Rencontres Internationales des Echecs Francophones"]
[Site "PARIS, France"]
[Date "2019.08.10"]
[Round "11.9"]
[White "Delorme, Alban"]
[Black "Piscopo, Pierluigi"]
[Result "0-1"]
[TimeControl "90'+30' + 30seconds/move"]
[WhiteElo "2227"]
[BlackElo "2417"]

1. e4 c5 2. Nf3 e6 3. d4 cxd4 4. Nxd4 a6 5. Bd3 Ne7 6. O-O Nbc6 7. Nxc6 Nxc6 8. b3 Qh4 9. Bb2 Bd6 10. g3 Qh3 11. Nd2 Be5 12. Bxe5 Nxe5 13. f4 Ng4 14. Qe2 b5 15. a4 bxa4 16. Rxa4 O-O 17.
Nf3 h6 18. Ra5 Bb7 19. Qg2 Qxg2+ 20. Kxg2 Ne3+ 21. Kf2 Nxf1 22. Kxf1 d6 23. Ke2 Rfc8 24. Ke3 Rc5 25. Ra4 a5 26. Nd4 Kf8 27. f5 e5 28. Ne2 d5 29. exd5 Bxd5 30. c4 Bc6 31. Ra3 e4 32. Bc2 Rxf5 33. Nd4 Rf6 34. Nxc6 Rxc6 35. Bxe4 Re8 36. Kf4 Rf6+ 0-1

[Event "7° Rencontres Internationales des Echecs Francophones"]
[Site "PARIS, France"]
[Date "2019.08.10"]
[Round "11.7"]
[White "Vuilleumier, Alexandre"]
[Black "Sebag, Marie"]
[Result "1/2-1/2"]
[TimeControl "90'+30' + 30seconds/move"]
[WhiteElo "2324"]
[BlackElo "2494"]

1. Nf3 d5 2. d4 Nf6 3. g3 c6 4. Bg2 Bf5 5. O-O e6 6. c4 h6 7. Qb3 Qb6 8. Nc3 Nbd7 9. Bf4 Be7 10. h3 O-O 11. g4 Bg6 12.
c5 Qa6 13. Qa4 Qxa4 14. Nxa4 Ne4 15. Rfc1 Rfe8 16. e3 f6 17. Bh2 Bd8 18. Nh4 Bh7 19. f3 Ng5 20. Kf2 f5 21. Bg3 fxg4 22. hxg4 e5 23. Nc3 Bf6 24.
Ne2 Ne6 25. Nf5 Bxf5 26. gxf5 Nd8 27. Rab1 Nf7 28. b4 a6 29. a4 Re7 30. Rc2 Rae8 31. b5 axb5 32. axb5 exd4 33. exd4 Rxe2+ 34. Rxe2 Bxd4+ 35. Kf1 Rxe2 36.
Kxe2 Bxc5 37. bxc6 bxc6 38. Rb7 Nde5 39. f4 Nc4 40. Rc7 Ne3 41. Bf2 Nxg2 42. Bxc5 Nxf4+ 43. Kf3 Nd3 44. Bd4 Nde5+ 45. Kf4 Nd3+ 46. Ke3 Nde5 47. Kf4 Nd3+ 48. Ke3 Nde5 49. Bxe5 Nxe5 50. Kd4 Nf3+ 51. Ke3 Ne5 52. Kf4 Nd3+ 53. Ke3 Ne5 54.
Kf4 Nd3+ 55. Ke3 Ne5 56. Kf4 1/2-1/2

[Event "7° Rencontres Internationales des Echecs Francophones"]
[Site "PARIS, France"]
[Date "2019.08.10"]
[Round "11.5"]
[White "Sochacki, Christophe"]
[Black "Le Roux, Jean-Pierre"]
[Result "1-0"]
[TimeControl "90'+30' + 30seconds/move"]
[WhiteElo "2443"]
[BlackElo "2535"]

1. b3 d5 2. Nf3 c5 3. Bb2 f6 4. Nc3 Nc6 5. e3 a6 6.
d4 e6 7.
Bd3 Bd6 8. O-O Nge7 9. dxc5 Bxc5 10. e4 d4 11. Ne2 e5 12. c3 dxc3 13. Nxc3 Be6 14. Rc1 Ba7 15. Bc4 Bxc4 16. bxc4 O-O 17.
Nd5 Bc5 18. Qb3 Rb8 19. Rcd1 Qe8 20. Ba3 b6 21. Rfe1 Kh8 22. Bxc5 bxc5 23. Qa3 Nb4 24. Qa5 Nc2 25. Re2 Nd4 26. Re3 Nxd5 27. exd5 Qc8 28. h3 h6 29. Ra3 Rb4 30. Nxd4 exd4 31. Ra4 Rxa4 32. Qxa4 Qb7 33. Qa5 Rc8 34. Re1 Kh7 35. Qa3 Qc7 36. Qxa6 Qf4 37. Qxc8 1-0

[Event "7° Rencontres Internationales des Echecs Francophones"]
[Site "PARIS, France"]
[Date "2019.08.10"]
[Round "11.3"]
[White "Moussard, Jules"]
[Black "Vedmediuc, Serghei"]
[Result "0-1"]
[TimeControl "90'+30' + 30seconds/move"]
[WhiteElo "2613"]
[BlackElo "2469"]

1. e4 c5 2. Nf3 Nc6 3. Nc3 e6 4. d4 cxd4 5. Nxd4 Qc7 6. Be3 Nf6 7.
f4 d6 8.
Be2 Be7 9. O-O O-O 10. Qe1 Nxd4 11. Bxd4 e5 12. fxe5 dxe5 13. Qg3 Bc5 14. Bxc5 Qxc5+ 15. Kh1 Kh8 16. Rxf6 gxf6 17. Nd5 Rg8 18. Qh4 Be6 19. Nxf6 Rg7 20. Bd3 Qd4 21. Rf1 Qxb2 22. h3 Rc8 23. Kh2 Qa3 24. Rf3 Qc1 25.
Qf2 Qg5 26. h4 Qh6 27. a4 b6 28. g3 Rd8 29. a5 Rb8 30. axb6 axb6 31. Qe1 Rg6 32. Nd5 Rbg8 33. Qf2 Rxg3 34. Rxg3 Qxh4+ 35. Kg2
Qh3+ 36. Kf3 Bg4+ 37. Ke3
Qh6+ 38. Nf4 exf4+ 39. Qxf4 Qxf4+ 40. Kxf4 Be6 41. Re3 Rc8 42.
Ke5 Kg7 43. Rg3+ Kf8 44. Rg1 Ke7 45. Rg7 Rh8 46. Kf4 h5 47. e5 h4 48. Rg2 h3 49. Rh2 Rh4+ 50. Kg3 Rd4 51.
Kf2 Rd5 52. Kg3 Rxe5 53. Rh1 Rg5+ 54. Kh4 Rg2 55. Rb1 h2 56. Rh1 f5 57. Kh3 Rd2 58. Kg3 Bd5 59. Re1+ Kd6 60. Bxf5 h1=Q 0-1